 Dungeon Crawl Stone Soup version 0.17.0-28-g6e173f8 (webtiles) character file.

336 rootspb the Shield-Bearer (level 6, 0/52 HPs)
             Began as a Minotaur Fighter on Nov 23, 2015.
             Was a Follower of Trog.
             Slain by a scorpion (5 damage)
             ... on level 4 of the Dungeon on Nov 24, 2015.
             The game lasted 00:32:02 (3195 turns).

rootspb the Shield-Bearer (Minotaur Fighter)        Turns: 3195, Time: 00:32:03

Health: 0/52       AC: 10    Str: 28    XL:     6   Next: 28%
Magic:  5/5        EV:  9    Int: 10    God:    Trog [*.....]
Gold:   160        SH: 10    Dex:  9    Spells: 0 memorised, 5 levels left

rFire  . . .     SeeInvis .     a - +0 long sword
rCold  . . .     Clarity  .     b - +0 scale mail
rNeg   . . .     SustAt   .     c - +0 shield
rPois  .         Gourm    .     (helmet restricted)
rElec  .         Spirit   .     o - +1 cloak
rCorr  .         Warding  .     p - +0 pair of gloves
rMut   .         Stasis   .     (no boots)
MR     .....                    (no amulet)
Stlth  ..........               (no ring)
                                (no ring)

@: mighty, brilliant, lethally poisoned (0 -> -3), not resistant to hostile
enchantments, extremely unstealthy
A: retaliatory headbutt, horns 2
a: Berserk, Burn Spellbooks, Renounce Religion


You were on level 4 of the Dungeon.
You worshipped Trog.
Trog was aware of your devotion.
You were not hungry.

You visited 1 branch of the dungeon, and saw 4 of its levels.

You collected 160 gold pieces.

Inventory:

Hand Weapons
 a - a +0 long sword (weapon)
 f - a +0 hunting sling
 l - a +0 falchion
 m - a +1 dagger of draining
Missiles
 h - 17 stones (quivered)
 k - 18 sling bullets of flame
Armour
 b - a +0 scale mail (worn)
 c - a +0 shield (worn)
 i - a +0 ring mail
 o - a +1 cloak (worn)
 p - a +0 pair of gloves (worn)
Scrolls
 j - a scroll of identify
 n - 2 scrolls of immolation {unknown}
 r - a scroll of recharging
 s - a scroll of remove curse {unknown}
 w - a scroll of fog {unknown}
Potions
 g - a potion of brilliance
Comestibles
 e - 6 bread rations
 q - a meat ration
 t - 7 chunks of flesh


   Skills:
 + Level 4.1 Fighting
 + Level 0.7(1.7) Short Blades
 - Level 2.7(2.8) Long Blades
 + Level 1.3(1.9) Slings
 + Level 1.7(1.9) Throwing
 + Level 5.3 Armour
 + Level 2.4 Dodging
 + Level 0.6 Stealth
 + Level 5.4 Shields


You had 5 spell levels left.
You didn't know any spells.

Dungeon Overview and Level Annotations

Branches:
Dungeon (4/15)
 Temple: D:4-7

Altars:
Okawaru
Trog


Innate Abilities, Weirdness & Mutations

You reflexively headbutt those who attack you in melee.
You have a pair of horns on your head.


Message History

You barely miss the scorpion.
The scorpion is heavily wounded.
The scorpion stings you.
* * * LOW HITPOINT WARNING * * *
You block the scorpion's attack.
You closely miss the scorpion. You headbutt the scorpion.
The scorpion is heavily wounded.
You feel sick.
The scorpion stings you but does no damage.
You hit the scorpion. Your headbutt misses the scorpion.
The scorpion is severely wounded.
You feel sick. The scorpion stings you.
* * * LOW HITPOINT WARNING * * *
Drink which item? (? for menu, Esc to quit)
You feel very mighty all of a sudden. The scorpion barely misses you.
Drink which item? (? for menu, Esc to quit)
You feel clever all of a sudden. The scorpion stings you.
You die...

#......# ....
#####......# ....
....#......# .....
...........# .....
...........# ......
#......# ###..>...
..#......# #..[...s.
#....(...#####.#
##.####.##@s...#
#..###.##.#####
##....)...#
#...##.######
#.....))....######
##..###รท###......####
. ##.# #)#
######....###### .#
#.###.# ####......#
..##...#.#####
######..


You could see a scorpion.

Vanquished Creatures
  An ogre (D:4)
  An orc priest (D:4)
  Jessica (D:3)
  7 gnolls (D:4)
  A worker ant zombie (D:3)
  A shadow imp (D:4)
  4 adders (D:3)
  An ooze (D:1)
  3 worms
  2 giant geckos
  3 orcs (D:4)
  8 bats
  5 goblins
  6 hobgoblins
  2 ball pythons
  2 giant cockroaches
  A giant gecko skeleton (D:4)
  3 giant newts
  7 kobolds
  2 rats (D:1)
61 creatures vanquished.

Notes
Turn   | Place    | Note
--------------------------------------------------------------
     0 | D:1      | rootspb the Minotaur Fighter began the quest for the Orb.
     0 | D:1      | Reached XP level 1. HP: 19/19 MP: 0/0
   425 | D:1      | Reached skill level 4 in Shields
   430 | D:1      | Reached XP level 2. HP: 18/27 MP: 1/1
  1145 | D:2      | Reached XP level 3. HP: 33/33 MP: 2/2
  1564 | D:3      | Found a bloodstained altar of Trog.
  1568 | D:3      | Became a worshipper of Trog the Wrathful
  1652 | D:3      | Reached XP level 4. HP: 31/40 MP: 3/3
  1792 | D:3      | Reached skill level 1 in Dodging
  1810 | D:3      | Noticed Jessica
  1821 | D:3      | Killed Jessica
  1821 | D:3      | Reached skill level 1 in Throwing
  2095 | D:4      | Noticed an ogre
  2158 | D:4      | Found an iron altar of Okawaru.
  2236 | D:4      | Killed an ogre
  2236 | D:4      | Reached skill level 5 in Armour
  2236 | D:4      | Reached skill level 5 in Shields
  2236 | D:4      | Reached XP level 5. HP: 9/46 MP: 4/4
  2718 | D:4      | Reached XP level 6. HP: 52/52 MP: 5/5
  2765 | D:4      | Reached * piety under Trog
  3111 | D:4      | Reached skill level 1 in Slings
  3195 | D:4      | Slain by a scorpion

Action                   |  1- 3 |  4- 6 || total
-------------------------+-------+-------++-------
Melee: Long sword        |    20 |    64 ||    84
       Dagger            |    79 |     3 ||    82
 Fire: Hunting sling     |     3 |    22 ||    25
Throw: Stone             |    27 |     7 ||    34
Invok: Berserk           |       |     1 ||     1
  Use: Potion            |       |     5 ||     5
       Scroll            |       |     3 ||     3
  Eat: Chunk             |     2 |     5 ||     7
       Pizza             |       |     1 ||     1
